 Dungeon Crawl Stone Soup version 0.29.0-13-gc9e81de378 (webtiles) character file.

Game seed: 5461725350013673970

128 Pomfy the Cudgeller (level 4, -5/45 HPs)
             Began as a Troll Berserker on Sept 9, 2022.
             Was a Believer of Trog.
             Slain by an ice beast (13 damage)
             ... on level 5 of the Dungeon.
             The game lasted 00:06:18 (1389 turns).

Pomfy the Cudgeller (Troll Berserker)               Turns: 1389, Time: 00:06:19

Health: -5/45      AC:  4    Str: 27    XL:     4   Next: 86%
Magic:  3/3        EV: 10    Int:  3    God:    Trog [**....]
Gold:   103        SH:  0    Dex:  9    Spells: 3/3 levels left

rFire   . . .      SeeInvis .   a - +0 mace
rCold   . . .      Faith    .   (no shield)
rNeg    . . .      Spirit   .   b - +0 animal skin
rPois   .          Reflect  .   (helmet restricted)
rElec   .          Harm     .   (no cloak)
rCorr   .          Rampage  .   (gloves unavailable)
Will    .....                   (boots unavailable)
Stlth   +.........              (no amulet)
HPRegen 0.95/turn               (no ring)
MPRegen 0.08/turn               (no ring)

@: on berserk cooldown, slowed, very slow
A: large, unfitting armour, claws 3, regeneration 1, shaggy fur 1, tough skin 1
a: Renounce Religion, Berserk, Trog's Hand


You were on level 5 of the Dungeon.
You worshipped Trog.
Trog was pleased with you.
You visited 1 branch of the dungeon, and saw 4 of its levels.

You collected 103 gold pieces.

Inventory:

Hand Weapons
 a - a +0 mace (weapon)
Missiles
 f - a throwing net (quivered)
Armour
 b - a +0 animal skin (worn)
 h - a +0 buckler
 i - a +2 helmet
Wands
 l - a wand of iceblast (7)
Scrolls
 c - 4 scrolls of identify {unknown}
 e - a scroll of brand weapon {unknown}
 g - 4 scrolls of teleportation {unknown}
 k - a scroll of magic mapping {unknown}
Potions
 d - a potion of lignification {unknown}
 j - a potion of invisibility {unknown}


   Skills:
 + Level 3.0 Fighting
 + Level 4.0 Maces & Flails
 + Level 3.3 Dodging
 + Level 0.1 Stealth


You had 3 spell levels left.
You didn't know any spells.
Your spell library was empty.

Dungeon Overview and Level Annotations

Branches:
Dungeon (5/15)
 Temple: D:4-7

Altars:
Ashenzari
Elyvilon
Fedhas
Gozag
Ru
Uskayaw
Yredelemnul

Shops:
D:2 :

Annotations:
D:3 3 runed translucent doors, Thoth777's ghost, amateur KoEn
D:5 Eustachio


Innate Abilities, Weirdness & Mutations

You are too large for most types of armour.
You have claws for hands.
Your natural rate of healing is unusually fast.
You are covered in fur. (AC +1)
You have tough skin. (AC +1)


Message History

Items here: )) [[ †.
You thump the orc!
You kill the orc!
Trog accepts your kill. The orc hits you with a +0 war axe.
Your Maces & Flails skill increases to level 4!
You see here a +0 war axe.
You thump the orc!
You kill the orc!
Trog accepts your kill.
Eustachio mumbles some strange words.
You hit the ice beast.
The ice beast is moderately wounded.
The bat hits you but does no damage. The ice beast closely misses you.
You thump the ice beast!
The ice beast is heavily wounded.
The bat barely misses you. The ice beast hits you. The ice beast freezes you!
You barely miss the ice beast.
The ice beast is heavily wounded.
The bat barely misses you. Eustachio barely misses you.
The ice beast hits you but does no damage.
You sock the ice beast!
The ice beast is almost dead.
You are no longer berserk.
You are exhausted.
You feel yourself slow down. The bat hits you.
Eustachio hits you with a +0 falchion. The ice beast hits you.
The ice beast freezes you!
* * * LOW HITPOINT WARNING * * *
The ice beast attacks as you move away! The ice beast completely misses you.
The bat hits you but does no damage. The bat closely misses you.
Eustachio mumbles some strange words.
There is a stone staircase leading up here.
The bat hits you but does no damage. Eustachio hits you with a +0 falchion.
* * * LOW HITPOINT WARNING * * *
The ice beast hits you but does no damage.
The crimson imp barely misses you. The ice beast hits you.
* * * LOW HITPOINT WARNING * * *
The ice beast freezes you!
You die...

#..............##.#
#.......
#####..........##.##
#....... #..............#
#.....[.
#..............###.......
#................#†#.....
#...........##.#.........
#...........##..##.......
#.......b...###..........
######..@5..# #...#......
#.Y5@..# ..#........
##o##5....###....#.# #..
...### ......# #........
.#.#.# #.........
#..$...... #.........
#.......


You could see Eustachio, an ice beast, a crimson imp (summoned), a white imp
(summoned), an orc, an ufetubus (summoned) and a bat (summoned).

Vanquished Creatures
  A hound (D:5)
  An orc wizard (D:3)
  2 adders (D:3)
  2 worms (D:3)
  6 orcs
  5 ball pythons
  A bat (D:3)
  4 endoplasms
  A giant cockroach (D:1)
  4 goblins
  4 hobgoblins
  2 quokkas
  3 frilled lizards (D:1)
  4 kobolds
  4 rats
44 creatures vanquished.

Vanquished Creatures (others)
  2 withered plants (D:2)
2 creatures vanquished.

Grand Total: 46 creatures vanquished

Notes
Turn   | Place    | Note
-------+----------+-------------------------------------------
     0 | D:1      | Pomfy the Troll Berserker began the quest for the Orb.
     0 | D:1      | Reached XP level 1. HP: 22/22 MP: 0/0
   147 | D:1      | Reached XP level 2. HP: 21/29 MP: 1/1
   150 | D:1      | Reached skill level 3 in Maces & Flails
   438 | D:2      | Found Plog's Book Boutique.
   465 | D:2      | Found a faded altar of an unknown god.
   485 | D:2      | Reached ** piety under Trog
   627 | D:3      | Reached XP level 3. HP: 33/36 MP: 2/2
   763 | D:3      | Reached XP level 4. HP: 32/44 MP: 3/3
   941 | D:3      | Found a runed translucent gate.
   942 | D:3      | Found a runed translucent gate.
   942 | D:3      | Noticed Thoth777's ghost (amateur KoEn)
   943 | D:3      | Found a runed translucent gate.
   946 | D:3      | Identified the +3 mace "Todir" {antimagic, rF+ rC+ Dex+3}
   946 | D:3      | Identified the +0 leather armour "Citsoh" {Slay+3}
  1108 | D:3      | Noticed a +0 spear
  1113 | D:3      | Found a hide-covered altar of Uskayaw.
  1113 | D:3      | Noticed a +0 spear
  1113 | D:3      | Noticed a +0 dagger
  1114 | D:3      | Noticed a +0 short sword
  1114 | D:3      | Noticed a +0 falchion
  1114 | D:3      | Noticed a +0 falchion
  1172 | D:3      | Found a basalt altar of Yredelemnul.
  1287 | D:3      | You fall into a shaft and drop 2 floors!
  1287 | D:5      | Entered Level 5 of the Dungeon
  1341 | D:5      | Found a blossoming altar of Fedhas.
  1343 | D:5      | Found an opulent altar of Gozag.
  1343 | D:5      | Found a white marble altar of Elyvilon.
  1346 | D:5      | Found a sacrificial altar of Ru.
  1347 | D:5      | Found a broken altar of Ashenzari.
  1374 | D:5      | Noticed an ice beast
  1376 | D:5      | Noticed Eustachio
  1382 | D:5      | Reached skill level 4 in Maces & Flails
  1389 | D:5      | Slain by an ice beast

Illustrated notes

Levels and vault maps discovered:
D:1:      elethiomel_arrival_infinity_welcomes_careful_drivers, layout_basic
D:2:      layout_basic, ebering_ecumenical_altar_petrified, serial_shops, shop,
          minivault_23
D:3:      layout_loops_cross, mainiacjoe_overflow_alcove_2,
          nicolae_uskayaw_en_pointe, biasface_ghost_orc_armoury
D:5:      gammafunk_cloud_chamber, layout_rooms, minitemple,
          roderic_roman_lattice, chequers_serial_rivers_micro_d, uniq_eustachio,
          uniq_edmund

Skill      XL: |  1  2  3  4 |
---------------+-------------+-----
Maces & Flails | 3 4 |  4.0
Dodging        | 3 |  3.3
Fighting       | 3 |  3.0
Stealth        | |  0.1

Action                   |  1- 3 |  4- 6 || total
-------------------------+-------+-------++-------
Melee: Mace              |    99 |    45 ||   144
       Punch             |       |     1 ||     1
Invok: Berserk           |       |     1 ||     1
Armor: Animal skin       |    34 |    27 ||    61
Dodge: Dodged            |    51 |    36 ||    87
